Map: Ulrena

Players

Trajikwaves

  • Race: Zerg Zerg
  • League: Platinum

BeefStew - Winner!

  • Race: Terran Terran

VOD

Have the link to the VOD?

Description

Time

  • Played on: Nov. 20, 2015, 7:52 p.m.
  • Length: 7:21
Show
View Real Time Build Order
Export as new Build Order

Trajikwaves Zerg 

Build Orders: Hatch First 

Get SALT Encoding   

  12  0:01  Drone  
  13  0:13  Overlord  
  13  0:18  Drone  
  14  0:31  Drone x2  
  16  0:37  Drone  
  17  0:46  Drone  
  18  1:03  Drone  
  19  1:04  Hatchery  
  18  1:12  Extractor  
  17  1:19  Spawning Pool  
  17  1:21  Drone  
  17  1:23  Drone  
  18  1:45  Hatchery  
  17  1:58  Drone  
  17  1:59  Drone x2  
  20  2:07  Queen  
  22  2:15  Extractor  
  22  2:17  Drone  
  22  2:22  Drone  
  23  2:26  Queen  
  25  2:36  Drone  
  26  2:38  Drone  
  27  2:46  Metabolic Boost  
  27  2:54  Drone, Overlord  
  30  3:00  Overlord  
  30  3:06  Drone  
  31  3:17  Lair  
  31  3:19  Drone  
  30  3:20  Drone x2  
  30  3:21  Drone x2  
  30  3:24  Drone  
  35  3:28  Drone  
  35  3:30  Drone  
  35  3:32  Drone  
  39  3:34  Drone  
  39  3:37  Drone  
  39  3:41  Drone  
  41  3:42  Drone  
  42  3:51  Drone  
  42  3:52  Drone  
  42  3:53  Queen  
  46  4:01  Drone x4, Extractor  
  49  4:09  Roach Warren  
  48  4:11  Drone x2  
  48  4:15  Extractor  
  48  4:16  Drone  
  50  4:18  Overlord  
  50  4:20  Overlord  
  50  4:32  Overlord  
  50  4:34  Overlord x3  
  50  4:41  Zergling x2  
  51  4:46  Zergling x4  
  51  4:47  Spire  
  51  4:48  Zergling x2  
  51  4:50  Zergling x2  
  51  4:52  Zergling x2  
  55  4:53  Zergling x2  
  55  4:54  Zergling x2  
  57  5:06  Zergling x6  
  60  5:08  Drone x5  
  60  5:13  Drone x3  
  66  6:00  Extractor  
  66  6:01  Drone x3  
  66  6:02  Drone x3, Extractor  
  70  6:09  Mutalisk  
  70  6:10  Mutalisk x6  
  70  6:11  Mutalisk x2  
  88  6:27  Pneumatized Carapace  
  88  6:37  Infestation Pit  
  72  6:50  Zergling x8  
  72  6:51  Overlord  
  72  6:52  Overlord x4  
Show
View Real Time Build Order
Export as new Build Order

BeefStew Terran - Winner!

Build Orders:  

Get SALT Encoding   

  12  0:01  SCV  
  13  0:15  Supply Depot  
  13  0:18  SCV  
  14  0:33  SCV  
  15  0:37  Barracks  
  15  0:45  SCV  
  15  0:48  Refinery  
  16  0:58  SCV  
  17  1:05  Refinery  
  17  1:10  SCV  
  18  1:24  Orbital Command  
  18  1:25  Supply Depot  
  18  1:26  Marine  
  19  1:44  Marine  
  20  1:52  SCV  
  21  2:01  Factory  
  21  2:02  Marine  
  21  2:04  SCV  
  23  2:16  SCV  
  24  2:25  Marine  
  24  2:28  SCV  
  26  2:38  Barracks  
  27  2:46  Starport, Widow Mine  
  28  2:55  SCV, Barracks Tech Lab, Barracks  
  29  3:07  SCV  
  30  3:19  SCV  
  31  3:20  Supply Depot  
  31  3:21  Supply Depot  
  31  3:26  Starport Reactor  
  31  3:27  Barracks Reactor  
  31  3:32  Supply Depot  
  31  3:41  Widow Mine  
  31  3:42  SCV, Marauder  
  31  3:45  Barracks Reactor  
  31  3:47  Stimpack  
  36  4:03  Medivac  
  36  4:08  Command Center  
  38  4:23  Marine x4  
  42  4:24  Marine  
  43  4:47  Refinery  
  43  4:51  Marine x2  
  43  4:52  Marine x2  
  47  4:55  Engineering Bay  
  47  5:04  Marauder  
  49  5:09  Marine x3  
  49  5:12  Refinery  
  49  5:31  Marine  
  49  5:32  Marauder, Marine x3  
  55  5:37  Viking  
  52  5:52  Marine  
  52  5:53  Marauder  
  52  5:54  Marine x2  
  52  5:55  Marine  
  56  6:07  Orbital Command  
  56  6:10  Marine  
  57  6:15  Viking  
  59  6:23  Viking  
  61  6:29  Marauder  
  61  6:30  Marine  
  59  6:49  Marine x2  
  59  6:50  Marauder, Marine x2  
Tags
 
League
Platinum
Matchup
TvZ
Add a new tag
Caveats
  • Supply blocks, unpowered buildings, or Contaminate may cause inaccurate times.
  • Supply counts are checked every 10 seconds.